Map: Shrines of Lizul

Players

ILIEKEGGPIE - Winner!

  • Race: Protoss Protoss
  • League: Platinum
  • Spawn Location: 3:00

lllll - Winner!

  • Race: Protoss Protoss
  • Spawn Location: 12:00

Archangel

  • Race: Terran Terran
  • League: Gold
  • Spawn Location: 6:00

Paulvipond

  • Race: Protoss Protoss
  • League: Gold
  • Spawn Location: 9:00

VOD

Have the link to the VOD?

Description

Time

  • Played on: May 4, 2018, 7 a.m.
  • Length: 15:20
Show
View Real Time Build Order
Export as new Build Order

ILIEKEGGPIE Protoss - Winner!

Build Orders:  

Get SALT Encoding   

  12  0:03  Probe  
  13  0:15  Probe  
  14  0:23  Pylon  
  14  0:30  Probe  
  15  0:41  Probe  
  16  0:47  Gateway  
  16  0:49  Probe  
  16  0:53  Assimilator  
  17  0:57  Probe  
  17  1:02  Assimilator  
  18  1:07  Pylon  
  18  1:16  Probe  
  19  1:28  Probe  
  20  1:35  Gateway  
  20  1:42  Cybernetics Core  
  20  1:48  Probe  
  22  2:06  Probe  
  22  2:09  Adept  
  22  2:13  Adept  
  22  2:20  Warp Gate  
  26  2:40  Nexus  
  26  2:54  Probe  
  27  3:02  Robotics Facility  
  27  3:06  Probe  
  28  3:20  Stalker  
  30  3:27  Pylon  
  30  4:08  Probe  
  28  4:10  Observer  
  28  4:16  Probe  
  28  4:17  Probe  
  28  4:23  Twilight Council  
  28  4:24  Probe  
  30  4:25  Gateway  
  30  4:26  Stalker, Gateway  
  30  4:27  Stalker  
  30  4:29  Probe  
  36  4:35  Probe  
  37  4:41  Probe  
  38  4:47  Probe  
  38  4:53  Probe  
  38  4:57  Blink  
  38  4:59  Probe  
  31  5:05  Stalker x2, Probe  
  36  5:11  Probe  
  37  5:28  Probe  
  37  5:32  Probe  
  37  5:34  Assimilator  
  39  5:36  Probe  
  39  5:40  Assimilator  
  40  5:44  Probe  
  41  5:52  Forge  
  41  5:56  Probe  
  42  5:58  Probe  
  43  6:08  Probe  
  43  6:10  Probe  
  45  6:14  Protoss Ground Weapons Level 1  
  45  6:20  Probe  
  45  6:22  Probe  
  47  6:32  Probe  
  48  6:35  Probe  
  49  6:42  Stalker x2  
  49  6:44  Probe  
  54  6:47  Pylon  
  54  6:48  Pylon  
  54  7:04  Warp Prism  
  54  7:05  Probe x2  
  58  7:17  Probe  
  58  7:19  Probe  
  60  7:24  Stalker x2  
  60  7:25  Stalker x2  
  60  7:29  Probe  
  69  7:33  Photon Cannon  
  67  8:03  Stalker  
  69  8:08  Pylon  
  69  8:10  Pylon  
  69  8:15  Pylon  
  69  8:18  Pylon  
  69  8:41  Immortal  
  59  8:48  Stalker x3  
  59  8:49  Stalker  
  71  9:02  Gateway  
  71  9:04  Gateway  
  71  9:06  Templar Archives  
  71  9:12  Gateway  
  71  9:15  Gateway  
  71  9:18  Pylon  
  71  9:21  Pylon  
  71  9:23  Sentry x4  
  73  9:47  Stalker x2  
  73  9:48  Stalker x2  
  63  10:05  Charge  
  63  10:15  Twilight Council  
  63  10:26  Immortal  
  63  10:27  High Templar x3  
  69  10:28  Zealot x3  
  69  10:29  Zealot  
  69  10:30  High Templar  
  69  10:32  Archon  
  83  10:51  Archon  
  83  11:03  Zealot x2  
  87  11:05  High Templar x3  
  87  11:06  Zealot x3  
  87  11:10  Archon  
  87  11:11  Nexus  
  99  11:13  Pylon  
  99  11:14  Pylon  
  99  11:16  Psionic Storm  
  99  11:36  Dark Shrine  
  99  11:54  Stalker  
  101  11:55  Zealot x6  
  101  11:56  Zealot  
  115  12:04  Assimilator  
  115  12:08  Assimilator  
  115  12:23  High Templar x3  
  115  12:25  Zealot x4  
  115  12:28  Archon  
  129  12:31  Archon  
  129  12:44  Protoss Ground Weapons Level 2  
  129  12:48  Forge  
  127  13:10  Zealot x3  
  127  13:11  Stalker x2  
  137  13:20  Dark Templar x3  
  135  13:37  High Templar x3  
  135  13:39  High Templar  
  135  13:40  High Templar x2  
  147  14:26  Pylon  
  147  14:27  Pylon  
  147  14:29  Pylon  
  147  14:31  Pylon  
Show
View Real Time Build Order
Export as new Build Order

lllll Protoss - Winner!

Build Orders:  

Get SALT Encoding   

  12  0:02  Probe  
  13  0:14  Probe  
  14  0:26  Probe  
  15  0:31  Pylon  
  15  0:49  Probe  
  16  0:55  Gateway  
  16  1:01  Probe  
  17  1:10  Assimilator  
  17  1:13  Probe  
  18  1:26  Probe  
  18  1:30  Pylon  
  19  1:38  Probe  
  20  1:45  Cybernetics Core  
  20  1:52  Probe  
  21  1:55  Warp Gate  
  21  1:59  Zealot  
  21  2:05  Probe  
  23  2:17  Assimilator, Probe  
  24  2:29  Probe  
  25  2:36  Gateway  
  25  2:37  Gateway  
  25  2:38  Gateway  
  25  2:42  Probe  
  26  2:54  Probe  
  27  3:04  Pylon  
  27  3:06  Probe  
  28  3:26  Pylon  
  26  4:05  Adept x3  
  26  4:06  Adept  
  34  4:14  Probe  
  35  4:18  Pylon  
  35  4:21  Robotics Facility  
  35  4:26  Probe  
  35  4:31  Adept x3  
  40  4:37  Stalker  
  44  4:42  Nexus  
  44  4:43  Probe  
  44  4:45  Pylon  
  45  5:03  Adept x2  
  45  5:04  Adept x2  
  51  5:22  Probe  
  52  5:30  Zealot x4  
  52  5:34  Probe  
  61  5:43  Forge  
  61  5:46  Probe  
  62  5:55  Probe  
  63  5:58  Probe  
  63  6:00  Warp Prism  
  64  6:07  Probe  
  64  6:11  Probe  
  68  6:20  Probe  
  69  6:40  Probe  
  69  6:42  Probe  
  71  6:48  Probe  
  71  6:49  Pylon  
  72  6:54  Probe  
  72  6:56  Assimilator  
  72  6:57  Probe  
  72  6:58  Assimilator, Protoss Ground Weapons Level 1  
  74  7:02  Stalker x2  
  74  7:07  Probe  
  79  7:12  Pylon  
  79  7:13  Pylon  
  79  7:19  Probe  
  79  7:20  Photon Cannon  
  79  7:22  Photon Cannon  
  72  7:44  Pylon  
  64  7:59  Stalker  
  64  8:00  Stalker  
  64  8:02  Adept x2  
  72  8:08  Nexus  
  70  8:15  Immortal  
  56  8:31  Adept x3  
  56  8:32  Adept  
  64  8:53  Zealot x3  
  64  8:54  Zealot, Immortal  
  76  8:56  Protoss Ground Armor Level 1  
  76  9:02  Pylon  
  76  9:04  Twilight Council  
  76  9:11  Gateway  
  76  9:15  Gateway  
  76  9:29  Sentry  
  76  9:30  Sentry x3  
  84  9:49  Probe x2  
  80  10:01  Probe x2  
  78  10:07  Zealot x2, Charge, Pylon  
  78  10:08  Zealot x2  
  78  10:22  Probe x2  
  72  10:34  Probe x2  
  74  10:54  Gateway  
  74  10:57  Gateway  
  74  11:00  Dark Shrine  
  74  11:03  Templar Archives  
  74  11:04  Probe x2  
  74  11:08  Probe  
  77  11:12  Pylon  
  77  11:14  Pylon  
  77  11:16  Probe x2  
  77  11:18  Zealot x4  
  85  11:19  Zealot  
  85  11:20  Probe  
  90  11:28  Probe x2  
  92  11:33  Probe  
  92  11:35  Psionic Storm  
  92  11:36  Observer  
  94  11:45  Resonating Glaives  
  94  11:52  High Templar x3, Protoss Ground Weapons Level 2  
  94  11:53  High Templar x3  
  105  11:58  Zealot x2  
  109  12:14  Probe x3  
  112  12:15  Pylon  
  112  12:20  Pylon  
  112  12:26  Probe  
  112  12:27  Assimilator  
  113  12:31  Assimilator  
  113  12:37  Dark Templar x3  
  115  12:39  Zealot x5  
  129  12:47  Archon  
  129  12:48  Archon  
  129  13:00  Zealot  
  129  13:01  Zealot x2  
  129  13:03  Dark Templar x2  
  139  13:09  Archon  
  139  13:15  Gateway x2  
  139  13:17  Gateway  
  139  13:20  Probe  
  140  13:32  Probe  
  141  13:35  Zealot x5  
  141  13:36  Zealot x3  
  157  13:50  Pylon  
  157  13:52  Pylon  
  157  13:56  Pylon  
  157  14:04  Photon Cannon  
  157  14:06  Gateway, Photon Cannon  
  157  14:07  Gateway  
  157  14:08  Probe  
  157  14:09  Gateway, High Templar x3  
  164  14:11  Zealot x2  
  168  14:18  Nexus  
  168  14:20  Probe, Pylon  
  169  14:37  Zealot x2  
  169  14:38  Zealot x4  
  179  14:39  Zealot x2  
  171  15:04  Probe x3  
  171  15:07  Zealot x6  
  176  15:08  Zealot  
Show
View Real Time Build Order
Export as new Build Order

Archangel Terran 

Build Orders: MMM Bio 

Get SALT Encoding   

  12  0:01  SCV  
  13  0:13  SCV  
  14  0:18  Supply Depot  
  14  0:25  SCV  
  15  0:40  SCV  
  15  0:42  Barracks  
  16  0:47  Refinery  
  16  0:52  SCV  
  17  0:58  Supply Depot  
  17  1:05  SCV  
  18  1:17  SCV  
  19  1:29  SCV  
  20  1:36  Marine  
  21  1:49  Orbital Command  
  21  1:50  Factory  
  21  1:54  Marine  
  22  2:12  Marine  
  23  2:18  SCV  
  24  2:30  Marine, SCV  
  24  2:35  Starport  
  24  2:36  Widow Mine  
  24  2:37  Supply Depot  
  28  2:42  SCV  
  29  2:48  Marine  
  30  2:54  Command Center, SCV  
  30  2:57  Engineering Bay  
  31  3:10  Widow Mine  
  33  3:19  Medivac  
  35  3:43  Marine  
  36  4:01  Marine  
  37  4:19  Marine  
  38  4:37  Marine  
  37  4:55  Marine  
  32  5:09  Factory Tech Lab  
  32  5:11  Planetary Fortress  
  32  5:12  Marine  
  31  5:19  Barracks  
  31  5:20  Barracks  
  31  5:22  Barracks x2  
  31  5:23  Barracks  
  31  5:29  Siege Tank  
  31  5:30  Marine  
  31  5:31  SCV  
  36  5:38  Refinery  
  36  5:42  Refinery  
  36  5:43  SCV  
  36  5:48  Terran Infantry Weapons Level 1  
  37  5:51  Starport Reactor  
  37  5:55  SCV  
  38  5:57  Supply Depot x2  
  38  5:59  Refinery, Supply Depot  
  38  6:00  SCV  
  38  6:03  Missile Turret  
  39  6:11  Barracks Tech Lab x2  
  39  6:12  Barracks Reactor x2  
  39  6:13  SCV  
  39  6:18  Barracks Tech Lab  
  40  6:21  Barracks Tech Lab  
  40  6:25  SCV x2  
  42  6:33  Supply Depot  
  42  6:35  Stimpack, Supply Depot x2, Combat Shields  
  42  6:37  SCV x2  
  42  6:38  Marine  
  42  6:39  Marine x3  
  48  6:41  Medivac  
  48  6:42  Medivac  
  48  6:46  Barracks  
  52  6:49  SCV x2  
  54  7:01  SCV x2  
  56  7:10  Command Center  
  56  7:13  SCV x2  
  58  7:17  Marauder  
  58  7:18  Marauder x3  
  58  7:19  Marine x3  
  58  7:22  Medivac  
  69  7:25  SCV x2  
  70  7:34  Barracks  
  69  7:37  Marine x3  
  69  7:39  Marauder x4  
  76  7:55  Marine x3  
  75  8:14  Marine x4  
  76  8:37  Marine x3  
  76  8:38  Marine x6  
  81  8:55  Marine x5  
  84  8:56  Marine x3  
  84  8:58  Medivac  
  92  9:04  Barracks Reactor  
  92  9:06  Supply Depot  
  92  9:07  Supply Depot  
  92  9:08  Supply Depot  
  91  9:12  Marine  
  91  9:13  Marine, Terran Infantry Armor Level 1  
  91  9:14  Marauder x2  
  97  9:31  Marine x3  
  98  9:32  Marine  
  98  9:34  Marine x2  
  98  9:35  Marine  
  94  9:50  Marine x5  
  51  10:16  Marine  
  51  10:17  Marine x4  
  53  10:27  Marine  
  52  10:43  Marine x2, Missile Turret  
  52  10:47  Medivac x2  
  58  11:04  Command Center  
  58  11:12  Marauder  
  58  11:13  Marauder  
  58  11:15  Concussive Shells  
  58  11:17  Medivac x2  
  58  11:18  SCV x2  
  68  11:30  SCV x2  
  70  11:58  Marine  
  70  12:00  Marauder  
  70  12:01  Marauder x3  
  79  12:16  Planetary Fortress  
  79  12:22  Marauder x3  
  85  12:32  Armory  
  85  12:33  Engineering Bay  
  89  12:44  Marauder x3  
  89  12:45  Marauder  
  97  13:05  Marauder  
  97  13:06  Marauder x3  
  101  13:23  Marine x4  
  109  13:27  Marauder x3  
  111  13:39  Refinery  
  111  13:57  Marine x6  
  111  13:58  Marine x4  
  121  14:14  Refinery, Marine  
  121  14:15  Refinery, Marine x5  
  121  14:16  Missile Turret  
  128  14:30  Marauder x3  
  134  14:34  Marauder, Barracks Tech Lab  
  135  14:39  Supply Depot  
  41  15:03  Supply Depot  
Show
View Real Time Build Order
Export as new Build Order

Paulvipond Protoss 

Build Orders: 1 Gate Expand 

Get SALT Encoding   

  12  0:01  Probe  
  13  0:14  Pylon  
  13  0:18  Probe  
  13  0:26  Probe  
  15  0:36  Probe  
  15  0:41  Assimilator  
  16  0:48  Probe  
  17  0:53  Gateway  
  17  1:00  Probe  
  18  1:32  Nexus  
  18  1:41  Cybernetics Core  
  18  1:46  Assimilator, Probe  
  19  1:59  Probe  
  20  2:11  Probe  
  20  2:12  Pylon  
  20  2:15  Warp Gate  
  21  2:23  Probe  
  21  2:24  Gateway  
  22  2:35  Probe  
  23  2:37  Gateway  
  23  2:41  Probe  
  23  2:49  Stalker, Probe  
  24  2:59  Probe  
  27  3:18  Stalker  
  28  3:20  Stalker  
  29  3:34  Shield Battery  
  26  4:02  Probe  
  22  4:07  Probe  
  22  4:10  Probe  
  22  4:15  Probe  
  24  4:20  Probe  
  26  4:25  Probe  
  26  4:26  Gateway  
  27  4:32  Probe  
  27  4:34  Probe  
  29  4:43  Probe  
  29  4:44  Probe  
  30  4:51  Probe  
  31  4:56  Probe  
  31  5:03  Probe  
  32  5:08  Stalker x2, Probe  
  33  5:15  Probe  
  33  5:20  Probe  
  31  5:32  Probe  
  1  11:15  Pylon  
  1  11:16  Pylon  
  1  11:38  Zealot  
  3  11:47  Zealot  
  3  11:48  Zealot x2  
  9  12:05  Zealot  
  11  12:32  Zealot  
  5  13:43  Zealot x3  
  11  13:53  Adept  
  13  14:20  Zealot  
Tags
 
Add a new tag
Caveats
  • Supply blocks, unpowered buildings, or Contaminate may cause inaccurate times.
  • Supply counts are checked every 10 seconds.